 Dungeon Crawl Stone Soup version 0.29-a0-902-g0f71de6fce (webtiles) character file.

Game seed: 1906830627265098412

189 reriks the Shooter (level 5, 0/27 HPs)
             Began as a Spriggan Hunter on July 25, 2022.
             Constricted to death by Natasha (3 damage)
             ... on level 3 of the Dungeon.
             The game lasted 00:03:25 (3089 turns).

reriks the Shooter (Spriggan Hunter)                Turns: 3089, Time: 00:03:26

Health: 0/27       AC:  2    Str:  7    XL:     5   Next: 40%
Magic:  6/6        EV: 16    Int: 11    God:
Gold:   182        SH:  0    Dex: 20    Spells: 4/4 levels left

rFire   . . .      SeeInvis +   a - +0 shortbow
rCold   . . .      Faith    .   (shield currently unavailable)
rNeg    . . .      Spirit   .   c - +0 robe
rPois   .          Reflect  .   (helmet restricted)
rElec   .          Harm     .   (no cloak)
rCorr   .          Rampage  .   (gloves unavailable)
Will    .....                   (boots unavailable)
Stlth   +++.......              (no amulet)
HPRegen 0.09/turn               (no ring)
MPRegen 0.10/turn               (no ring)

@: grasped by roots, constricted, very quick
A: very small, no large weapons, unfitting armour, see invisible, speed 3
a: no special abilities


You were on level 3 of the Dungeon.
You visited 1 branch of the dungeon, and saw 3 of its levels.

You collected 182 gold pieces.

Inventory:

Hand Weapons
 a - a +0 shortbow (weapon)
Missiles
 q - a throwing net
Armour
 c - a +0 robe (worn)
Wands
 m - a wand of charming (5)
 n - a wand of mindburst (11)
Scrolls
 b - a scroll of immolation
 e - a scroll of teleportation
 j - 3 scrolls of identify
 k - a scroll of amnesia
 p - a scroll of enchant weapon {unknown}
 r - a scroll of butterflies
Potions
 d - 3 potions of might {unknown}
 f - 4 potions of curing {unknown}
 g - 6 potions of heal wounds
 h - a potion of flight {unknown}
 i - 2 potions of magic
 l - a potion of lignification {unknown}
 o - a potion of attraction {unknown}


   Skills:
 + Level 2.5 Fighting
 * Level 5.1 Ranged Weapons
 + Level 4.2 Dodging
 + Level 4.1 Stealth


You had 4 spell levels left.
You didn't know any spells.
Your spell library was empty.

Dungeon Overview and Level Annotations

Branches:
Dungeon (3/15)

Altars:
Dithmenos

Annotations:
D:3 Natasha


Innate Abilities, Weirdness & Mutations

You are very small and have problems with some larger weapons.
You are too small for most types of armour.
You have supernaturally acute eyesight. (SInv)
You cover ground extremely quickly. (Speed+++)


Message History

You kill Natasha!
Natasha growls in agony!
Your Stealth skill increases to level 4!
You start resting.
HP restored.
You see here the felid corpse of Natasha.
You see here a +0 club.
Natasha, Servant of Life and Death comes into view.
She is carrying a wand of roots (15).
Natasha is nearby!
Natasha is nearby!
You shoot an arrow. The arrow barely misses Natasha.
Natasha hisses angrily.
Natasha mumbles some strange words.
You shoot an arrow.
The arrow closely misses the shadow imp.
You start waiting.
Natasha is nearby!
You shoot an arrow. The arrow hits Natasha!
Natasha is heavily wounded.
Natasha zaps a wand.
The roots erupt in riotous growth!
The grasping roots grab you! The grasping roots constrict you.
Natasha wildly gestures.
You feel disoriented. The grasping roots constrict you.
You shoot an arrow. The arrow barely misses Natasha.
The grasping roots constrict you.
The roots grasp on you weakens, but your attempt to escape fails.
The grasping roots constrict you.
Natasha howls an incantation.
Natasha glows brightly for a moment.
Natasha claws you.
* * * LOW HITPOINT WARNING * * *
The grasping roots constrict you.
* * * LOW HITPOINT WARNING * * *
You escape the roots grasp.
Natasha zaps a wand.
The roots erupt in riotous growth!
The grasping roots grab you! The grasping roots constrict you.
You die...

#.#.#.##.#
######.########.##
#.#.#..#.#
#.#######...#
#.#.#....#
#.##......#.#
#......).#
#.##.####...#
#.#.#...##########.##.#
#####
#.#.##.####...5h.#.##.#
#.#.......#.####.#.##.#
#.####.#....####.#<##.#
#.# #....h.....#@#.##†#
#.###.......#..#.#.##.#
........5...#..#....#.#
..###...#.#.#.....#...#
.......#.........###..#
.####..##..###....#..##
...........# #.#....##
..###.###..###.###..#
..# #...............#


You could see Natasha.

Vanquished Creatures
  A scorpion (D:3)
  An iguana (D:3)
  Natasha (twice) (D:3)
  2 adders
  A dart slug (D:2)
  6 ball pythons
  5 bats
  2 endoplasms
  3 giant cockroaches
  3 goblins
  5 hobgoblins
  3 kobolds
  3 frilled lizards
  3 rats
40 creatures vanquished.

Notes
Turn   | Place    | Note
-------+----------+-------------------------------------------
     0 | D:1      | reriks the Spriggan Hunter began the quest for the Orb.
     0 | D:1      | Reached XP level 1. HP: 10/10 MP: 2/2
   318 | D:1      | Reached XP level 2. HP: 15/15 MP: 3/3
   670 | D:1      | Found a faded altar of an unknown god.
   810 | D:2      | Found a shadowy altar of Dithmenos.
  1157 | D:2      | Reached XP level 3. HP: 18/18 MP: 4/4
  1553 | D:3      | Found a shadowy altar of Dithmenos.
  1910 | D:3      | Noticed a scorpion
  1913 | D:3      | Killed a scorpion
  1914 | D:3      | Reached XP level 4. HP: 23/23 MP: 5/5
  2119 | D:3      | Noticed Natasha
  2429 | D:3      | Killed Natasha
  2430 | D:3      | Reached skill level 5 in Ranged Weapons
  2430 | D:3      | Reached XP level 5. HP: 27/27 MP: 6/6
  2915 | D:3      | Noticed Natasha
  2921 | D:3      | Killed Natasha
  3074 | D:3      | Noticed Natasha
  3089 | D:3      | Constricted to death by Natasha

Illustrated notes

Levels and vault maps discovered:
D:1:      dpeg_arrival_refuge, layout_loops_ring, basic_ecumenical_altar,
          minivault_23
D:2:      layout_rooms, basic_altar
D:3:      layout_loops_ring, mainiacjoe_overflow_alcove_1,
          mainiacjoe_overflow_tiny_flanked, uniq_natasha

Skill      XL: |  1  2  3  4  5 |
---------------+----------------+-----
Stealth        | 2 3 4 |  4.1
Dodging        | 3 4 |  4.2
Fighting       | 2 |  2.5
Ranged Weapons | 5 |  5.1

Action                   |  1- 3 |  4- 6 || total
-------------------------+-------+-------++-------
 Fire: Shortbow          |   128 |    37 ||   165
  Use: Scroll            |     7 |       ||     7
Armor: Robe              |     8 |       ||     8
Dodge: Dodged            |    31 |     5 ||    36

Table legend: (Time is in decaauts)
 A = Elapsed time spent in this place.
 B = Non-inter-level travel time spent in this place.
 C = Inter-level travel time spent in this place.
 D = Time resting spent in this place.
 E = Time spent auto-exploring this place.
 F = Levels seen in this place.
 G = Mean time per level.
                   A        B        C        D        E       F      G
               +--------+--------+--------+--------+--------+-----+--------+
         Total |   2421 |   2355 |     66 |   1070 |    832 |   3 |  807.0 |
       Dungeon |   2421 |   2355 |     66 |   1070 |    832 |   3 |  807.0 |
               +--------+--------+--------+--------+--------+-----+--------+

Top non-repeatable levels by time:
     D:3: 1081 daAuts
     D:1: 786 daAuts
     D:2: 554 daAuts
